[ AOE2 MATCH · #506741834 ]
UnrankedKoreans vs Burmese
Player's team · WIN
Rival team · LOSS
[ REPLAY ANALYSIS · EXTRACTED FROM THE RECORDED GAME ]
Feudal
10:21
Castle
20:35
Imperial
33:19
| APM avg | 71.8 |
| APM peak | 106 |
| eAPM avg | 36.9 |
| Villagers / military | 116 / 33 |
Focus
⚔️ 61.0% · 🌾 39.0%
War Wagon ×22 · Archer ×7 · Monk ×2 · Trebuchet (Packed) ×2
Feudal
10:40
Castle
18:51
Imperial
32:16
| APM avg | 63.1 |
| APM peak | 92 |
| eAPM avg | 38.7 |
| Villagers / military | 243 / 57 |
Focus
⚔️ 33.2% · 🌾 66.8%
Scout Cavalry ×30 · Monk ×10 · Knight ×8 · Militia ×3 · Mangonel ×2 · Scorpion ×2
Match map
Initial resources + every placement click. Lines = walls · curves = elevation contours. ◆ gold · ⬟ stone · ● berries · ✦ relic · ◌ wall gap
Your base· ✓ Closed at 20:35 · 58t walls · 1 gate(s)
LE | WilliamS's base· ✓ Closed at 18:51 · 55t walls · 1 gate(s)
Smoothed initial terrain · ◌ = detected wall gap · hover for details
Inputs per minute
— DS_VarVa - - LE | WilliamS
Build order — DS_VarVa
First 150 of 262 actions detected
| 0:00 | Create | Villager (Male) |
| 0:00 | Create | Villager (Male) |
| 0:01 | Create | Villager (Male) |
| 0:01 | Create | Villager (Male) |
| 0:02 | Build | House |
| 0:03 | Build | House |
| 1:16 | Create | Villager (Male) |
| 1:27 | Build | Mill |
| 1:52 | Create | Villager (Male) |
| 2:20 | Create | Villager (Male) |
| 2:49 | Create | Villager (Male) |
| 3:13 | Create | Villager (Male) |
| 3:39 | Create | Villager (Male) |
| 3:39 | Create | Villager (Male) |
| 3:49 | Build | House |
| 3:56 | Create | Villager (Male) |
| 4:15 | Create | Villager (Male) |
| 4:39 | Create | Villager (Male) |
| 4:51 | Create | Villager (Male) |
| 4:52 | Create | Villager (Male) |
| 5:16 | Create | Villager (Male) |
| 5:16 | Create | Villager (Male) |
| 5:17 | Create | Villager (Male) |
| 5:30 | Build | House |
| 5:31 | Research | Loom |
| 5:54 | Build | Palisade Wall |
| 5:59 | Build | Palisade Wall |
| 6:13 | Create | Villager (Male) |
| 6:13 | Create | Villager (Male) |
| 6:44 | Build | Palisade Gate |
| 6:59 | Build | House |
| 7:07 | Create | Villager (Male) |
| 7:27 | Build | Lumber Camp |
| 7:46 | Create | Villager (Male) |
| 8:08 | Research | Feudal Age |
| 8:08 | Research | Feudal Age |
| 8:32 | Build | Mill |
| 8:38 | Build | Palisade Wall |
| 8:39 | Build | Palisade Wall |
| 8:41 | Build | Palisade Wall |
| 8:42 | Build | Palisade Wall |
| 8:48 | Create | Villager (Male) |
| 8:49 | Create | Villager (Male) |
| 9:02 | Build | Palisade Wall |
| 9:03 | Build | Palisade Wall |
| 9:30 | Build | Barracks |
| 10:05 | Build | Palisade Wall |
| 10:08 | Build | Palisade Wall |
| 10:21 | Age | Feudal Age |
| 10:24 | Create | Villager (Male) |
| 10:32 | Build | Mill |
| 10:43 | Build | Archery Range |
| 10:55 | Create | Villager (Male) |
| 10:56 | Create | Villager (Male) |
| 11:03 | Research | Double-Bit Axe |
| 11:03 | Research | Horse Collar |
| 11:04 | Research | Horse Collar |
| 11:13 | Build | House |
| 11:15 | Create | Villager (Male) |
| 11:27 | Create | Archer |
| 11:32 | Build | House |
| 11:45 | Build | House |
| 11:52 | Create | Archer |
| 11:54 | Create | Villager (Male) |
| 12:10 | Create | Archer |
| 12:31 | Build | Mining Camp |
| 12:33 | Create | Archer |
| 12:35 | Build | House |
| 12:37 | Build | Palisade Wall |
| 12:55 | Build | Farm |
| 12:58 | Build | Farm |
| 12:58 | Create | Villager (Male) |
| 12:59 | Build | Farm |
| 13:19 | Create | Villager (Male) |
| 13:20 | Build | Farm |
| 13:21 | Build | Farm |
| 13:21 | Build | Farm |
| 13:26 | Create | Villager (Male) |
| 13:29 | Create | Villager (Male) |
| 13:36 | Create | Villager (Male) |
| 13:38 | Build | Farm |
| 13:46 | Create | Villager (Male) |
| 13:46 | Create | Villager (Male) |
| 13:48 | Build | Farm |
| 14:05 | Create | Archer |
| 14:12 | Create | Villager (Male) |
| 14:13 | Create | Villager (Male) |
| 14:15 | Build | Farm |
| 14:43 | Create | Villager (Male) |
| 14:49 | Create | Villager (Male) |
| 14:51 | Build | Blacksmith |
| 15:02 | Build | House |
| 15:26 | Build | Mining Camp |
| 15:27 | Create | Villager (Male) |
| 15:36 | Build | House |
| 15:37 | Build | Palisade Wall |
| 15:38 | Build | Palisade Wall |
| 15:48 | Build | Farm |
| 16:08 | Build | Farm |
| 16:12 | Build | Farm |
| 16:48 | Build | Farm |
| 17:00 | Create | Villager (Male) |
| 17:08 | Create | Archer |
| 17:11 | Build | Farm |
| 17:22 | Build | House |
| 17:28 | Create | Villager (Male) |
| 17:55 | Research | Castle Age |
| 17:59 | Build | Palisade Gate |
| 18:03 | Build | House |
| 18:05 | Build | Palisade Wall |
| 18:11 | Build | Palisade Wall |
| 18:13 | Build | Palisade Wall |
| 18:14 | Build | Palisade Wall |
| 18:21 | Create | Archer |
| 19:13 | Build | House |
| 19:56 | Create | Villager (Male) |
| 19:57 | Create | Villager (Male) |
| 19:58 | Create | Villager (Male) |
| 20:01 | Research | Fletching |
| 20:04 | Research | Wheelbarrow |
| 20:20 | Create | Villager (Male) |
| 20:24 | Create | Villager (Male) |
| 20:35 | Age | Castle Age |
| 20:37 | Build | Castle |
| 20:40 | Build | Monastery |
| 20:41 | Research | Bow Saw |
| 20:44 | Build | Monastery |
| 20:48 | Create | Villager (Male) |
| 20:49 | Create | Villager (Male) |
| 20:51 | Create | Villager (Male) |
| 20:55 | Build | Town Center |
| 21:09 | Research | Bodkin Arrow |
| 21:12 | Create | Villager (Male) |
| 21:12 | Create | Villager (Male) |
| 21:12 | Create | Villager (Male) |
| 21:28 | Create | War Wagon |
| 21:28 | Create | War Wagon |
| 21:31 | Create | Villager (Male) |
| 21:46 | Create | War Wagon |
| 21:47 | Create | Villager (Male) |
| 21:59 | Create | Monk |
| 22:11 | Create | Villager (Male) |
| 22:15 | Create | War Wagon |
| 22:15 | Create | War Wagon |
| 22:17 | Create | Villager (Male) |
| 22:20 | Research | Gold Mining |
| 22:34 | Create | Villager (Male) |
| 22:37 | Create | Villager (Male) |
| 22:37 | Create | Villager (Male) |
| 22:42 | Build | Watch Tower |
Build order — LE | WilliamS
First 150 of 428 actions detected
| 0:01 | Create | Villager (Male) |
| 0:01 | Create | Villager (Male) |
| 0:01 | Create | Villager (Male) |
| 0:02 | Build | House |
| 0:04 | Build | House |
| 0:04 | Create | Villager (Male) |
| 1:24 | Create | Villager (Male) |
| 1:24 | Create | Villager (Male) |
| 1:49 | Build | Lumber Camp |
| 1:57 | Create | Villager (Male) |
| 2:16 | Create | Villager (Male) |
| 2:16 | Create | Villager (Male) |
| 2:36 | Create | Villager (Male) |
| 2:59 | Create | Villager (Male) |
| 3:33 | Create | Villager (Male) |
| 4:01 | Build | House |
| 4:07 | Create | Villager (Male) |
| 4:25 | Create | Villager (Male) |
| 4:32 | Build | Barracks |
| 4:33 | Build | Palisade Wall |
| 4:34 | Build | Palisade Wall |
| 4:35 | Build | Palisade Wall |
| 4:41 | Research | Loom |
| 4:51 | Create | Villager (Male) |
| 4:55 | Create | Villager (Male) |
| 5:39 | Build | House |
| 5:40 | Create | Militia |
| 5:41 | Create | Villager (Male) |
| 6:06 | Create | Militia |
| 6:07 | Create | Villager (Male) |
| 6:17 | Build | Mill |
| 6:20 | Create | Militia |
| 6:25 | Create | Villager (Male) |
| 6:25 | Create | Villager (Male) |
| 7:03 | Create | Villager (Male) |
| 7:15 | Create | Villager (Male) |
| 7:16 | Research | Loom |
| 7:25 | Build | House |
| 7:34 | Build | Mining Camp |
| 8:30 | Research | Feudal Age |
| 8:33 | Build | Mill |
| 9:27 | Build | Lumber Camp |
| 9:35 | Build | Palisade Wall |
| 9:48 | Create | Villager (Male) |
| 10:02 | Build | Palisade Wall |
| 10:05 | Create | Villager (Male) |
| 10:40 | Build | Palisade Wall |
| 10:40 | Age | Feudal Age |
| 10:45 | Research | Horse Collar |
| 10:46 | Create | Villager (Male) |
| 10:54 | Build | Farm |
| 10:57 | Create | Villager (Male) |
| 11:07 | Create | Villager (Male) |
| 11:09 | Build | Farm |
| 11:13 | Create | Villager (Male) |
| 11:15 | Build | Farm |
| 11:17 | Build | Farm |
| 11:28 | Create | Villager (Male) |
| 11:31 | Create | Villager (Male) |
| 11:33 | Build | Farm |
| 11:35 | Research | Man-at-Arms (upgrade) |
| 11:39 | Build | Palisade Wall |
| 11:42 | Build | Palisade Wall |
| 11:46 | Build | Palisade Wall |
| 11:50 | Create | Spearman |
| 11:52 | Create | Villager (Male) |
| 11:55 | Build | Palisade Wall |
| 12:00 | Build | Farm |
| 12:01 | Create | Villager (Male) |
| 12:08 | Build | House |
| 12:09 | Build | Palisade Wall |
| 12:11 | Create | Villager (Male) |
| 12:16 | Create | Villager (Male) |
| 12:19 | Create | Villager (Male) |
| 12:24 | Create | Villager (Male) |
| 12:27 | Build | House |
| 12:34 | Build | Palisade Wall |
| 12:35 | Create | Villager (Male) |
| 12:37 | Build | Farm |
| 12:41 | Create | Villager (Male) |
| 12:51 | Create | Villager (Male) |
| 12:54 | Build | House |
| 12:55 | Build | Palisade Wall |
| 12:58 | Create | Villager (Male) |
| 12:59 | Build | Farm |
| 13:04 | Create | Villager (Male) |
| 13:05 | Create | Villager (Male) |
| 13:08 | Create | Villager (Male) |
| 13:08 | Create | Villager (Male) |
| 13:15 | Create | Villager (Male) |
| 13:22 | Build | Palisade Wall |
| 13:28 | Build | Farm |
| 13:33 | Create | Villager (Male) |
| 13:36 | Build | Farm |
| 13:40 | Create | Villager (Male) |
| 13:46 | Build | Farm |
| 13:49 | Create | Villager (Male) |
| 14:08 | Create | Villager (Male) |
| 14:10 | Build | House |
| 14:14 | Create | Villager (Male) |
| 14:18 | Build | Stable |
| 14:23 | Build | Stable |
| 14:34 | Create | Villager (Male) |
| 14:58 | Create | Villager (Male) |
| 15:12 | Build | Blacksmith |
| 15:15 | Create | Villager (Male) |
| 15:27 | Build | Farm |
| 15:40 | Create | Villager (Male) |
| 15:47 | Build | Farm |
| 15:57 | Build | House |
| 16:11 | Research | Castle Age |
| 16:52 | Research | Gold Mining |
| 17:11 | Research | Bloodlines |
| 17:11 | Research | Bloodlines |
| 17:36 | Research | Scale Barding Armor |
| 17:39 | Build | Farm |
| 17:55 | Create | Villager (Male) |
| 18:37 | Create | Villager (Male) |
| 18:50 | Build | Palisade Gate |
| 18:51 | Age | Castle Age |
| 18:53 | Build | Monastery |
| 18:54 | Create | Knight |
| 18:54 | Create | Knight |
| 18:57 | Build | Town Center |
| 19:06 | Build | Town Center |
| 19:13 | Create | Villager (Male) |
| 19:19 | Create | Villager (Male) |
| 19:25 | Create | Villager (Male) |
| 19:31 | Create | Villager (Male) |
| 19:34 | Create | Monk |
| 19:37 | Create | Knight |
| 19:41 | Create | Knight |
| 19:41 | Create | Villager (Male) |
| 19:42 | Create | Villager (Male) |
| 19:44 | Create | Spearman |
| 19:45 | Create | Villager (Male) |
| 19:53 | Create | Villager (Male) |
| 20:04 | Create | Villager (Male) |
| 20:04 | Create | Villager (Male) |
| 20:08 | Create | Villager (Male) |
| 20:22 | Create | Villager (Male) |
| 20:22 | Create | Villager (Male) |
| 20:26 | Create | Villager (Male) |
| 20:31 | Create | Villager (Male) |
| 20:32 | Create | Villager (Male) |
| 20:32 | Create | Villager (Male) |
| 20:33 | Build | Siege Workshop |
| 20:34 | Create | Villager (Male) |
| 20:40 | Create | Villager (Male) |
| 20:42 | Create | Villager (Male) |
Match timeline
| 4:32 | LE | WilliamS · first_building Barracks |
| 4:33 | LE | WilliamS · wall_segment Palisade Wall x1 |
| 4:34 | LE | WilliamS · wall_segment Palisade Wall x1 |
| 4:35 | LE | WilliamS · wall_segment Palisade Wall x1 |
| 5:54 | DS_VarVa · wall_segment Palisade Wall x6 |
| 5:59 | DS_VarVa · wall_segment Palisade Wall x6 |
| 8:38 | DS_VarVa · wall_segment Palisade Wall x1 |
| 8:39 | DS_VarVa · wall_segment Palisade Wall x1 |
| 8:41 | DS_VarVa · wall_segment Palisade Wall x1 |
| 8:42 | DS_VarVa · wall_segment Palisade Wall x1 |
| 9:02 | DS_VarVa · wall_segment Palisade Wall x1 |
| 9:03 | DS_VarVa · wall_segment Palisade Wall x1 |
| 9:30 | DS_VarVa · first_building Barracks |
| 9:35 | LE | WilliamS · wall_segment Palisade Wall x5 |
| 10:02 | LE | WilliamS · wall_segment Palisade Wall x9 |
| 10:05 | DS_VarVa · wall_segment Palisade Wall x1 |
| 10:08 | DS_VarVa · wall_segment Palisade Wall x1 |
| 10:21 | DS_VarVa · age_up feudal |
| 10:40 | LE | WilliamS · wall_segment Palisade Wall x7 |
| 10:40 | LE | WilliamS · age_up feudal |
| 10:43 | DS_VarVa · first_building Archery Range |
| 11:39 | LE | WilliamS · wall_segment Palisade Wall x5 |
| 11:42 | LE | WilliamS · wall_segment Palisade Wall x6 |
| 11:46 | LE | WilliamS · wall_segment Palisade Wall x5 |
| 11:55 | LE | WilliamS · wall_segment Palisade Wall x3 |
| 12:09 | LE | WilliamS · wall_segment Palisade Wall x4 |
| 12:34 | LE | WilliamS · wall_segment Palisade Wall x6 |
| 12:37 | DS_VarVa · wall_segment Palisade Wall x1 |
| 12:55 | LE | WilliamS · wall_segment Palisade Wall x1 |
| 13:22 | LE | WilliamS · wall_segment Palisade Wall x4 |
| 14:18 | LE | WilliamS · first_building Stable |
| 15:37 | DS_VarVa · wall_segment Palisade Wall x3 |
| 15:38 | DS_VarVa · wall_segment Palisade Wall x10 |
| 18:05 | DS_VarVa · wall_segment Palisade Wall x13 |
| 18:11 | DS_VarVa · wall_segment Palisade Wall x7 |
| 18:13 | DS_VarVa · wall_segment Palisade Wall x2 |
| 18:14 | DS_VarVa · wall_segment Palisade Wall x5 |
| 18:51 | LE | WilliamS · age_up castle |
| 18:53 | LE | WilliamS · first_building Monastery |
| 20:33 | LE | WilliamS · first_building Siege Workshop |
| 20:35 | DS_VarVa · age_up castle |
| 20:37 | DS_VarVa · first_building Castle |
| 20:40 | DS_VarVa · first_building Monastery |
| 24:44 | DS_VarVa · wall_segment Palisade Wall x1 |
| 24:57 | DS_VarVa · wall_segment Palisade Wall x1 |
| 24:57 | DS_VarVa · wall_segment Palisade Wall x1 |
| 25:54 | LE | WilliamS · wall_segment Stone Wall x1 |
| 28:49 | LE | WilliamS · first_market_sell 100 wood |
| 29:43 | DS_VarVa · wall_segment Palisade Wall x1 |
| 30:03 | DS_VarVa · first_building Stable |
| 30:07 | DS_VarVa · first_market_buy 100 food |
| 31:04 | LE | WilliamS · first_building Castle |
| 32:16 | LE | WilliamS · age_up imperial |
| 32:39 | LE | WilliamS · first_market_buy 100 stone |
| 33:19 | DS_VarVa · age_up imperial |
| 33:33 | LE | WilliamS · resign |
[ AI ANALYSIS · 1 CREDIT ]
What really happened in this match?
Wolo.gg analyzes every decision: build order, eco, micro, common mistakes by bracket. Personalized analysis on WhatsApp or Discord in 30 seconds.
Civ guide
Koreans
Perfil
Jugador #4129359